Match 25106707
Unlisted

Match 25106707
End
Selects Armored Battlegroup
Selects Armored Battlegroup
Selects Assault Engineers
Assault Engineer Squad
Construct Barracks
Assault Engineer Squad
M1 Mortar Team
Infantry Support Center
Assault Engineer Squad
Construct Motor Pool
Selects Fast Deploy
M8 Greyhound Armored Car
Selects M8 Scott SPG
M8 Scott SPG
Selects UNKNOWN (2160077)
Construct Tank Depot
Scout Squad
.30 cal Machine Gun
Construct Medical Station
Mortar Pit
Assault Engineer Squad
Mortar Pit
M4A3E8 Sherman Easy Eight
.30 cal Machine Gun
M4A3E8 Sherman Easy Eight
Mortar Pit
Selects M31 Recovery Vehicle
Selects War Machine
M4A3E8 Sherman Easy Eight
Construct Weapon Support Center
M3 Armored Personnel Carrier
Johnled
龙舞青云
TidaL
Decoy
Sandysandran
Jeep
0
0

Comments sign in to comment!

No comments posted yet!